 Dungeon Crawl Stone Soup version 0.24-a0-640-ge7cd8ce796 (webtiles) character file.

Game seed: 9197944558376303570, levelgen mode: deterministic

57005 Kairok the Covert (level 14, 0/77 HPs)
             Began as a Vine Stalker Assassin on Sept 25, 2019.
             Was the Champion of Okawaru.
             Slain by a faun
             ... wielding a +0 spear
             ... led by a satyr
              (9 damage)
             ... on level 2 of the Shoals.
             The game lasted 00:49:02 (16130 turns).

Kairok the Covert (Vine Stalker Assassin)          Turns: 16130, Time: 00:49:03

Health: 0/77       AC: 18    Str: 17    XL:     14   Next: 84%
Magic:  0/25       EV: 22    Int: 11    God:    Okawaru [******]
Gold:   1395       SH:  7    Dex: 24    Spells: 10/13 levels left

rFire    + . .     SeeInvis .   b - +8 quick blade
rCold    . . .     Gourm    .   y - +0 buckler
rNeg     + . .     Faith    .   I - +3 leather armour {rPois}
rPois    +         Spirit   +   (no helmet)
rElec    .         Reflect  .   O - +3 cloak "Tiofo" {Dex+4}
rCorr    .         Harm     .   h - +2 pair of gloves
MR       +....                  V - +2 pair of boots {Stlth+}
Stlth    +++.......             S - macabre finger necklace {rN+}
HPRegen  1.02/turn              m - +3 ring of evasion
MPRegen  0.19/turn              Y - ring of magical power
                                T - ring of protection from fire

@: berserk cooldown, slowed, very slow
A: fangs 3, talons 1, regeneration 2, strong 1, magic shield, antimagic bite, no
potion heal 3, rot immunity
a: Heroism, Finesse, Renounce Religion


You were on level 2 of the Shoals.
You worshipped Okawaru.
Okawaru was exalted by your worship.
You were not hungry.

You visited 4 branches of the dungeon, and saw 18 of its levels.
You also visited: Sewer, Ossuary and Volcano.

You collected 1459 gold pieces.
You spent 64 gold pieces at shops.

Inventory:

Hand Weapons
 b - a +8 quick blade (weapon)
 c - a +2 dagger of protection
 v - a +8 dagger of draining
 Z - a +2 dagger of flaming
Missiles
 a - 7 boomerangs of dispersal
 d - 65 poisoned darts (quivered)
 e - 2 curare-tipped darts
 A - 5 datura-tipped darts
 N - 6 silver boomerangs
 Q - 2 throwing nets
Armour
 h - a +2 pair of gloves (worn)
 w - a +1 ring mail of cold resistance
 y - a +0 buckler (worn)
 I - a +3 leather armour of poison resistance (worn)
 O - the +3 cloak "Tiofo" (worn) {Dex+4}
   (You found it on level 8 of the Dungeon)

   It affects your dexterity (+4).
 U - the +2 plate armour of Teuleun {*Drain Int+4 Dex+6}
   (Okawaru gifted it to you on level 2 of the Lair of Beasts)

   It affects your intelligence (+4).
   It affects your dexterity (+6).
   It causes draining when unequipped.
 V - a +2 pair of boots of stealth (worn)
Jewellery
 m - a +3 ring of evasion (left hand)
 o - an uncursed ring of positive energy
 S - the macabre finger necklace (around neck) {rN+}
   (You found it on level 3 of the Lair of Beasts)

   [amulet of nothing]

   It protects you from negative energy.
 T - a ring of protection from fire (on amulet)
 Y - a ring of magical power (right hand)
Wands
 B - a wand of enslavement (11)
 D - a wand of disintegration (8)
 F - a wand of acid (8)
 J - a wand of paralysis (27)
 R - a wand of flame (7)
Scrolls
 k - 2 scrolls of fear
 l - 7 scrolls of immolation
 p - 3 scrolls of teleportation
 r - 22 scrolls of remove curse
 z - 2 scrolls of summoning
 E - 4 scrolls of identify
 G - 4 scrolls of fog
 H - 3 scrolls of enchant weapon
 K - a scroll of holy word
 M - 2 scrolls of blinking
 W - a scroll of acquirement
Potions
 g - 3 potions of lignification
 i - a potion of invisibility
 n - 3 potions of curing
 q - 2 potions of brilliance
 s - 2 potions of magic
 t - 3 potions of flight
 u - 3 potions of haste
 x - 4 potions of might
 C - a potion of agility
 L - 2 potions of resistance
 X - 3 potions of cancellation
Comestibles
 f - 26 rations


   Skills:
 + Level 10.4 Fighting
 + Level 11.7 Short Blades
 + Level 2.2 Throwing
 + Level 9.9 Armour
 + Level 7.8 Dodging
 + Level 14.5 Stealth
 + Level 5.2 Shields
 + Level 1.4 Invocations
 + Level 1.8 Evocations


You had 10 spell levels left.
You knew the following spells:

 Your Spells              Type           Power        Failure   Level  Hunger
a - Regeneration          Chrm/Necr      #.........   77%         3    ####...

Your spell library contained the following spells:

 Spells                   Type           Power        Failure   Level  Hunger
 Infusion                 Chrm           #...         38%         1    ##.....
 Magic Dart               Conj           #...         38%         1    ##.....
 Searing Ray              Conj           #.....       52%         2    ###....
 Shroud of Golubria       Chrm/Tloc      #.....       52%         2    ###....
 Song of Slaying          Chrm           #.......     52%         2    ###....
 Dazzling Spray           Conj/Hex       #.....       77%         3    ####...
 Spectral Weapon          Hex/Chrm       #.......     77%         3    ####...
 Force Lance              Conj/Tloc      #.......     99%         4    #####..
 Fulminant Prism          Conj/Hex       #.........   99%         4    #####..
 Iskenderun's Mystic Bla  Conj           #.......     99%         4    #####..


Dungeon Overview and Level Annotations

Branches:
Dungeon (9/15)             Temple (1/1) D:5            Lair (6/6) D:9
 Shoals (2/4) Lair:2       Spider (0/4) Lair:2        Slime (0/5) Lair:6
  Sewer (visited)         Ossuary (visited)         Volcano (visited)
    Orc: D:9-12

Altars:
Cheibriados
Dithmenos
Elyvilon
Fedhas
Hepliaklqana
Kikubaaqudgha
Nemelex Xobeh
Okawaru
Uskayaw
Wu Jian
Xom
Yredelemnul
The Shining One

Shops:
D:6 }   D:9 ?

Annotations:
D:4 3 runed translucent doors, PeterQ's ghost, novice TrHu


Innate Abilities, Weirdness & Mutations

You have razor-sharp teeth.
You heal very quickly.
When hurt, damage is shared between your health and your magic reserves.
Your bite disrupts and absorbs the magic of your enemies.
Potions cannot restore your health.
You are immune to rotting.
You have sharp toenails.
Your muscles are strong. (Str +2)


Message History

Aim: a faun, wielding a +0 spear (heavily wounded, chance to defeat MR: 56%)
The faun resists with significant effort.
Splash!
You fall into the shallow water.
Moving in this stuff is going to be slow.
An arrow appears from out of your range of vision.
The arrow hits your faun!!
Your faun dies!
Your faun's corpse shimmers and vanishes!
The faun casts a spell at you.
You feel as though you will be slow longer.
Evoke which item? (* to show all) (? for menu, Esc to quit)
Aiming: Disintegrate
Press: ? - help, Shift-Dir - straight line, f/p - faun
Aim: a faun, wielding a +0 spear (moderately wounded, chance to defeat MR: 56%)
The faun resists with significant effort.
The faun hits you from afar with a +0 spear.
* * * LOW HITPOINT WARNING * * *
The faun hits you from afar with a +0 spear!!
You die...

S≈≈≈≈≈.≈≈.......≈≈≈≈≈≈
≈≈.≈≈≈.c......≈...≈≈≈≈≈≈
≈≈≈≈≈≈.....###.≈...≈≈≈≈≈
≈≈≈≈≈....(.# #....≈≈≈≈≈≈
≈≈≈≈..###(.##.....≈≈≈≈≈≈
≈≈≈..%.##(..........≈≈≈≈
≈≈≈....$c........≈..≈≈≈≈
≈%≈......≈≈...≈≈≈≈≈≈≈≈≈≈
≈≈≈≈.>.@≈(≈≈≈.≈≈≈≈ ≈
≈≈≈..≈≈....≈.≈≈.≈≈ ≈
≈≈≈≈..≈....≈≈≈...≈ ≈
≈≈≈≈≈≈≈≈≈.......≈≈
≈≈≈≈≈≈≈≈≈≈≈..##.≈≈
≈≈≈≈≈≈≈≈≈≈≈.....≈≈
≈≈≈≈≈≈≈≈≈≈≈≈≈≈≈..≈
≈≈≈≈≈≈≈≈≈≈≈≈≈≈≈≈.
≈≈≈≈≈≈≈≈≈≈≈≈≈≈≈≈


You could see a faun.

Vanquished Creatures
  2 merfolk impalers (Shoals:2)
  8 hydras
  An ice dragon (Lair:6)
  2 two-headed ogres
  A dancing weapon (Volcano)
  7 sea snakes
  5 wizards (Volcano)
  A lindwurm (Lair:6)
  Pikel (D:4)
  6 manticores
  3 fauns (Shoals:2)
  10 elephants (Lair:6)
  5 toenail golems (Volcano)
  Psyche (D:8)
  2 water nymphs (Shoals:2)
  4 merfolk sirens
  5 torpor snails (Lair:6)
  An ice statue (Lair:3)
  9 spiny frogs
  6 komodo dragons
  An ice devil (Lair:3)
  7 merfolk
  4 tyrant leeches (Lair:6)
  2 polar bears
  2 wind drakes (Shoals:2)
  7 hornets (Lair:6)
  8 hippogriffs
  3 snapping turtles
  Sigmund (D:5)
  4 water elementals
  Eustachio (D:5)
  3 redbacks (Lair:2)
  2 wyverns
  A basilisk (Lair:1)
  34 yaks
  2 hungry ghosts
  12 water moccasins
  Duvessa (D:5)
  2 hell hounds (Lair:6)
  2 black bears
  11 porcupines
  4 orc warriors
  A sky beast (D:6)
  8 ice beasts
  A slave (D:4)
  3 ogres
  6 centaurs
  9 wolves
  8 crocodiles
  2 big kobolds
  14 bullfrogs
  Dowan (D:5)
  A wyvern skeleton (D:9)
  10 scorpions
  4 wights (D:8)
  3 electric eels (Lair:5)
  6 howler monkeys
  8 crimson imps
  2 centaur zombies (Ossuary)
  4 hounds
  A human zombie (Ossuary)
  4 jellies
  2 centaur skeletons
  10 orc priests
  A gnoll shaman (D:9)
  Jessica (D:3)
  Terence (D:3)
  4 iguanas
  15 orc wizards
  6 worker ants
  A big kobold zombie (Ossuary)
  2 hound zombies
  A howler monkey zombie (D:6)
  3 mummies (Ossuary)
  10 gnolls
  A howler monkey skeleton (D:4)
  8 adders
  5 river rats
  A shadow imp (D:5)
  3 white imps (Lair:3)
  An ooze (D:1)
  An adder zombie (D:6)
  2 adder skeletons
  6 worms
  3 dart slugs
  4 leopard geckos
  45 orcs
  A ball python (D:5)
  6 bats
  5 giant cockroaches
  10 goblins
  7 hobgoblins
  18 jackals
  14 kobolds
  3 quokkas
  4 frilled lizards
  3 gnoll zombies (Ossuary)
  3 goblin zombies (Ossuary)
  2 hobgoblin zombies (Ossuary)
  A leopard gecko skeleton (D:4)
  6 rats
510 creatures vanquished.

Vanquished Creatures (others)
  A phantom (D:4)
  A slave (D:4)
  4 scorpions (Ossuary)
  An orc priest (D:4)
  An adder (D:4)
  An adder skeleton (D:4)
  A worm (D:4)
  5 fungi
  13 plants
28 creatures vanquished.

Grand Total: 538 creatures vanquished

Notes
Turn   | Place    | Note
-------+----------+-------------------------------------------
     0 | D:1      | Kairok the Vine Stalker Assassin began the quest for the
                  | Orb.
     0 | D:1      | Reached XP level 1. HP: 11/11 MP: 2/2
    98 | D:1      | Reached skill level 5 in Stealth
   159 | D:1      | Reached XP level 2. HP: 9/15 MP: 1/3
   852 | D:1      | Reached XP level 3. HP: 18/18 MP: 4/4
   879 | D:1      | Reached skill level 6 in Stealth
  1148 | D:2      | Reached skill level 1 in Dodging
  1148 | D:2      | Gained mutation: Your natural rate of healing is unusually
                  | fast. [Vine Stalker growth]
  1148 | D:2      | Reached XP level 4. HP: 23/23 MP: 5/5
  1594 | D:3      | Noticed Jessica
  1605 | D:3      | Killed Jessica
  1605 | D:3      | Reached XP level 5. HP: 23/26 MP: 4/6
  1630 | D:3      | Noticed Terence
  1648 | D:3      | Killed Terence
  1746 | D:3      | Reached skill level 1 in Armour
  1746 | D:3      | Reached XP level 6. HP: 32/32 MP: 7/7
  2243 | D:4      | Found a sand-covered staircase.
  2287 | D:4      | Noticed a slave
  2288 | D:4      | Noticed a slave
  2289 | D:4      | Noticed a slave
  2290 | D:4      | Noticed a slave
  2290 | D:4      | Noticed Pikel
  2343 | D:4      | Found a glowing drain.
  2359 | D:4      | Killed a slave
  2384 | D:4      | Killed Pikel
  2384 | D:4      | Reached skill level 5 in Short Blades
  2384 | D:4      | Reached XP level 7. HP: 32/36 MP: 5/8
  2387 | Sewer    | Entered a sewer
  2397 | Sewer    | Gained mutation: You have razor-sharp teeth. [Vine Stalker
                  | growth]
  2397 | Sewer    | Reached XP level 8. HP: 42/42 MP: 6/9
  2473 | Sewer    | Found a glowing silver altar of Zin.
  2567 | Ossuary  | Entered an ossuary
  3774 | D:4      | Found a runed translucent gate.
  3774 | D:4      | Found a shadowy altar of Dithmenos.
  3775 | D:4      | Found a runed translucent gate.
  3776 | D:4      | Found a runed translucent gate.
  3809 | D:4      | Noticed PeterQ's ghost (novice TrHu)
  3996 | D:5      | Entered Level 5 of the Dungeon
  3996 | D:5      | Found a staircase to the Ecumenical Temple.
  4003 | Temple   | Entered the Ecumenical Temple
  4036 | Temple   | Became a worshipper of Warmaster Okawaru
  4085 | D:5      | Reached XP level 9. HP: 46/46 MP: 10/10
  4133 | D:5      | Noticed Eustachio
  4193 | D:5      | Killed Eustachio
  4403 | D:5      | Found a white marble altar of Elyvilon.
  4421 | D:5      | Found an ornate altar of the Wu Jian Council.
  4425 | D:5      | Found a basalt altar of Yredelemnul.
  4531 | D:5      | Found a hazy altar of Hepliaklqana.
  4532 | D:5      | Found a hide-covered altar of Uskayaw.
  4532 | D:5      | Found a sparkling altar of Nemelex Xobeh.
  4533 | D:5      | Found a blossoming altar of Fedhas.
  4640 | D:5      | Noticed Duvessa
  4640 | D:5      | Noticed Dowan
  4643 | D:5      | Killed Duvessa
  4643 | D:5      | Reached * piety under Okawaru
  4827 | D:5      | Noticed Sigmund
  4846 | D:5      | Killed Sigmund
  4846 | D:5      | Reached skill level 7 in Stealth
  5009 | D:5      | Got a translucent chain mail
  5020 | D:5      | Identified the +0 chain mail of the Marlin {rC+ Str-4
                  | Int+5} (You found it on level 5 of the Dungeon)
  5095 | D:5      | Killed Dowan
  5211 | D:6      | Reached skill level 5 in Fighting
  5495 | D:6      | Found Imneoje's Gadget Boutique.
  5853 | D:7      | Reached ** piety under Okawaru
  5857 | D:7      | Reached XP level 10. HP: 35/51 MP: 11/11
  5923 | D:7      | Reached skill level 8 in Stealth
  6050 | D:7      | Got a faintly glowing leather armour
  6061 | D:7      | Identified the +0 leather armour of Filth {rN+} (You found
                  | it on level 7 of the Dungeon)
  6566 | D:7      | Reached skill level 9 in Stealth
  6682 | D:8      | Noticed Psyche
  6696 | D:8      | Killed Psyche
  6701 | D:8      | Noticed a two-headed ogre
  6848 | D:7      | Killed a two-headed ogre
  6848 | D:7      | Reached *** piety under Okawaru
  6935 | D:8      | Received a gift from Okawaru
  7122 | D:8      | Got a translucent cloak
  7133 | D:8      | Identified the +3 cloak "Tiofo" {Dex+4} (You found it on
                  | level 8 of the Dungeon)
  7172 | D:8      | Received a gift from Okawaru
  7261 | D:8      | Reached skill level 5 in Armour
  7291 | D:8      | Reached skill level 1 in Evocations
  7421 | D:8      | Reached XP level 11. HP: 58/58 MP: 12/12
  7430 | D:8      | Found a snail-covered altar of Cheibriados.
  7688 | D:9      | Found Mosmex Utoz's Magic Scroll Boutique.
  7709 | D:9      | Reached skill level 5 in Dodging
  7734 | D:9      | Bought a scroll of identify for 32 gold pieces
  7734 | D:9      | Bought a scroll of identify for 32 gold pieces
  7780 | D:9      | Noticed a two-headed ogre
  7790 | D:9      | Killed a two-headed ogre
  7790 | D:9      | Reached **** piety under Okawaru
  7790 | D:9      | Reached skill level 10 in Stealth
  7793 | D:9      | Found a staircase to the Lair.
  7795 | D:9      | Found a glowing golden altar of the Shining One.
  8252 | Lair:1   | Entered Level 1 of the Lair of Beasts
  8334 | Lair:1   | Noticed a four-headed hydra
  8352 | Lair:1   | Killed a four-headed hydra
  8352 | Lair:1   | Reached ***** piety under Okawaru
  8488 | Lair:1   | Reached skill level 11 in Stealth
  8522 | Lair:1   | Learned a level 3 spell: Regeneration
  8548 | Lair:1   | Reached skill level 10 in Short Blades
  9007 | Lair:2   | Found a staircase to the Shoals.
  9092 | Lair:2   | Received a gift from Okawaru
  9114 | Lair:2   | Got a slimy plate armour {god gift}
  9125 | Lair:2   | Identified the +2 plate armour of Teuleun {*Drain Int+4
                  | Dex+6} (Okawaru gifted it to you on level 2 of the Lair of
                  | Beasts)
  9230 | Lair:2   | Found an iron altar of Okawaru.
  9265 | Lair:2   | Found a hole to the Spider Nest.
  9277 | Lair:2   | Noticed a five-headed hydra
  9298 | Lair:2   | Killed a five-headed hydra
  9298 | Lair:2   | Gained mutation: You heal very quickly. [Vine Stalker
                  | growth]
  9298 | Lair:2   | Reached XP level 12. HP: 52/63 MP: 14/14
  9368 | Lair:2   | Reached skill level 12 in Stealth
 10024 | Shoals:1 | Entered Level 1 of the Shoals
 10290 | Lair:3   | Found the macabre finger necklace {rN+}
 10488 | Lair:3   | Noticed a five-headed hydra
 10491 | Lair:3   | Killed a five-headed hydra
 11017 | Lair:3   | Gained mutation: You have sharp toenails. [potion of
                  | mutation]
 11017 | Lair:3   | Gained mutation: Your muscles are strong. (Str +2) [potion
                  | of mutation]
 11079 | Lair:4   | Identified a scroll of acquirement
 11296 | Lair:4   | Reached skill level 13 in Stealth
 11318 | Lair:4   | Received a gift from Okawaru
 11327 | Lair:4   | Got a faintly humming buckler {god gift}
 11333 | Lair:4   | Identified the -3 buckler of the Dwarven Hall {Str+4 Int+2
                  | Dex-4} (Okawaru gifted it to you on level 4 of the Lair of
                  | Beasts)
 11350 | Lair:4   | Noticed a four-headed hydra
 11361 | Lair:4   | Killed a four-headed hydra
 12113 | Lair:5   | Noticed a six-headed hydra
 12122 | Lair:5   | Killed a six-headed hydra
 12122 | Lair:5   | Reached XP level 13. HP: 62/68 MP: 15/15
 12617 | Lair:6   | Entered Level 6 of the Lair of Beasts
 12620 | Lair:6   | Reached skill level 1 in Shields
 12664 | Lair:6   | Found a runed translucent door.
 12664 | Lair:6   | Noticed an ice dragon
 12748 | Lair:6   | Found a dark tunnel.
 12770 | Volcano  | Entered a volcano
 12785 | Volcano  | Received a gift from Okawaru
 13127 | Volcano  | Reached ****** piety under Okawaru
 13260 | Lair:6   | Reached skill level 14 in Stealth
 13283 | Lair:6   | Received a gift from Okawaru
 13795 | Lair:6   | Reached XP level 14. HP: 75/75 MP: 16/16
 13965 | Lair:6   | Received a gift from Okawaru
 13973 | Lair:6   | Reached skill level 1 in Invocations
 14068 | Lair:6   | Paralysed by a hornet for 3 turns
 14227 | Lair:6   | Received a gift from Okawaru
 14407 | Lair:6   | Found a staircase to the Slime Pits.
 14760 | Shoals:1 | Reached skill level 10 in Fighting
 15908 | Shoals:2 | Received a gift from Okawaru
 15974 | Shoals:2 | Reached skill level 5 in Shields
 16130 | Shoals:2 | Slain by a faun

Levels and vault maps discovered:
D:1:      dpeg_arrival_three_bigger_balls, layout_basic, hangedman_glass_garden,
          kennysheep_pointless_box, minmay_pentomino_s4
D:2:      layout_basic, serial_bayou_pond_e, hex_medium
D:3:      layout_loops_cross, uniq_jessica, uniq_terence
D:4:      layout_cave_pools, grunt_dithmenos_shadows,
          lightli_ossuary_entry_decrepit_ruins, lightli_sewer_entry_pipes,
          gammafunk_ghost_icy, minmay_misc_feat_roman,
          minmay_fractal_squares_diagonal_5, uniq_pikel
D:5:      layout_layer_cave, minitemple,
          chequers_temple_overflow_statue_of_worship, temple_statues,
          first_ration, uniq_sigmund, uniq_duvessa, uniq_eustachio
D:6:      layout_basic, serial_shops, nicolae_shop_crystal, st_stairs_10
D:7:      layout_rooms
D:8:      layout_cave_pools, marbit_many_paths, uniq_psyche
D:9:      layout_big_octagon, tso_metal_star, serial_shops, shop
Temple:   hc_temple_tempest_star
Lair:1:   layout_loops_ring
Lair:2:   layout_layer_cave, shoals_dummy_entry, spider_nest_entry_webs,
          serial_rivers, chequers_serial_rivers_large_b,
          chequers_serial_rivers_small_a, chequers_serial_rivers_micro_e,
          chequers_serial_rivers_micro_e, chequers_serial_rivers_micro_e,
          basic_altar, grunt_megastairs_1
Lair:3:   layout_loops_ring, minivault_11, ice2_lemuel
Lair:4:   layout_loops_ring
Lair:5:   layout_regular_city, serial_bayou, serial_bayou_shore_b,
          serial_bayou_shore_b, serial_bayou_crossing, serial_bayou_ford_a,
          serial_bayou_shore_b, serial_bayou_lagoon_a, grunt_megastairs_2,
          lemuel_fruit_tree, serial_bayou_shore_b
Lair:6:   wormcave, layout_misc_corridors, slime_dummy, enter_volcano_3,
          serial_bayou_pond_e
Shoals:1: layout_shoals, nicolae_shoals_loop_pool
Shoals:2: layout_shoals

Skill      XL: |  1  2  3  4  5  6  7  8  9 10 11 12 13 14 |
---------------+-------------------------------------------+-----
Stealth        | 5 6 7 9 11 13 14 | 14.5
Short Blades   | 2 3 5 6 8 9 10 11 | 11.7
Fighting       | 2 3 4 5 6 7 8 9 10 | 10.4
Throwing       | 2 |  2.2
Dodging        | 1 2 3 4 6 7 |  7.8
Armour         | 1 2 4 5 7 8 9 |  9.9
Evocations     | 1 |  1.8
Shields        | 4 5 |  5.2
Invocations    | 1 |  1.4

Action                   |  1- 3 |  4- 6 |  7- 9 | 10-12 | 13-15 || total
-------------------------+-------+-------+-------+-------+-------++-------
Melee: Dagger            |    75 |   253 |   449 |   839 |    86 ||  1702
       Bite              |    19 |    53 |   152 |   410 |   689 ||  1323
       Punch             |       |       |       |     2 |       ||     2
       Quick blade       |       |       |       |       |   944 ||   944
Throw: Dart              |       |       |     2 |       |       ||     2
Invok: Heroism           |       |       |       |     2 |     8 ||    10
Evoke: Wand              |       |       |       |    10 |     6 ||    16
       Phantom mirror    |       |       |       |       |     1 ||     1
  Use: Scroll            |     4 |    11 |     7 |    20 |     9 ||    51
       Potion            |       |       |     3 |     1 |    10 ||    14
 Stab: Sleeping          |     2 |       |     8 |    22 |     8 ||    40
       Distracted        |       |       |       |     3 |     4 ||     7
       Paralysed         |       |       |       |     1 |       ||     1
  Eat: Chunk             |       |     4 |     5 |    12 |     5 ||    26
       Ration            |       |       |     2 |     3 |     3 ||     8
Armor: Robe              |    12 |       |       |       |       ||    12
       Leather armour    |     7 |       |    26 |    82 |    16 ||   131
       Chain mail        |     4 |   114 |   113 |       |       ||   231
       Plate armour      |       |       |       |   119 |   256 ||   375
Dodge: Dodged            |    40 |   103 |   172 |   453 |   306 ||  1074
Block: Buckler           |       |       |       |    19 |   174 ||   193

Table legend:
 A = Non-vault XP
 B = Vault XP
 C = Vault XP percentage of total XP
 D = Non-vault monster count
 E = Vault monster count
 F = Vault count percentage of total count
                 A         B        C        D         E       F
            +---------+---------+-------+---------+---------+-------
      Total |   61744 |   19693 |  24.2 |     407 |     101 |  19.9
            +---------+---------+-------+---------+---------+-------
        D:1 |      57 |       4 |   6.6 |      20 |       2 |   9.1
        D:2 |      73 |       0 |   0.0 |      19 |       0 |   0.0
        D:3 |     192 |      73 |  27.5 |      28 |       2 |   6.7
        D:4 |     441 |     784 |  64.0 |      25 |      15 |  37.5
        D:5 |     492 |     656 |  57.1 |      19 |       4 |  17.4
        D:6 |    1019 |      91 |   8.2 |      24 |       2 |   7.7
        D:7 |    2359 |       0 |   0.0 |      34 |       0 |   0.0
        D:8 |    1917 |     547 |  22.2 |      40 |       2 |   4.8
        D:9 |    2159 |       0 |   0.0 |      31 |       0 |   0.0
     Lair:1 |    3711 |       0 |   0.0 |      15 |       0 |   0.0
     Lair:2 |    4377 |     719 |  14.1 |      20 |       4 |  16.7
     Lair:3 |    2936 |    1427 |  32.7 |       8 |      10 |  55.6
     Lair:4 |    4783 |       0 |   0.0 |      22 |       0 |   0.0
     Lair:5 |    2795 |     725 |  20.6 |      13 |       4 |  23.5
     Lair:6 |   14918 |    7205 |  32.6 |      48 |      20 |  29.4
   Shoals:1 |    6586 |       0 |   0.0 |      16 |       0 |   0.0
   Shoals:2 |   12929 |       0 |   0.0 |      25 |       0 |   0.0
      Sewer |       0 |     141 | 100.0 |       0 |       7 | 100.0
    Ossuary |       0 |     542 | 100.0 |       0 |      18 | 100.0
    Volcano |       0 |    6779 | 100.0 |       0 |      11 | 100.0
            +---------+---------+-------+---------+---------+-------
